Map: Catalyst LE

Players

JagrsMullets

  • Race: Zerg Zerg
  • Spawn Location: 5:00

A.I. 1 (Harder) - Winner!

  • Race: Terran Terran
  • Spawn Location: 11:00

VOD

Have the link to the VOD?

Description

Time

  • Played on: Dec. 21, 2017, 6:35 a.m.
  • Length: 13:00
Show
View Real Time Build Order
Export as new Build Order

JagrsMullets Zerg 

Build Orders: Pool First 

Get SALT Encoding   

  12  0:02  Drone  
  13  0:11  Drone  
  14  0:28  Spawning Pool  
  14  0:31  Drone  
  14  0:39  Overlord  
  14  0:50  Overlord  
  14  0:54  Overlord  
  14  1:06  Drone  
  14  1:07  Drone  
  16  1:15  Zergling x2  
  17  1:19  Queen  
  19  1:26  Zergling x2  
  20  1:38  Extractor  
  19  1:41  Extractor  
  19  1:42  Zergling x2  
  19  1:47  Zergling x2  
  20  2:14  Hatchery  
  19  2:26  Drone x3  
  19  2:29  Zergling x6  
  25  2:41  Drone  
  26  2:57  Drone  
  27  3:28  Extractor  
  27  3:30  Extractor, Drone  
  27  3:34  Zergling x4  
  27  3:35  Zergling x6  
  27  3:41  Overlord  
  31  3:48  Drone  
  31  3:49  Drone x2  
  31  3:52  Queen  
  36  3:57  Drone  
  36  3:58  Drone  
  36  4:01  Drone  
  39  4:09  Evolution Chamber  
  38  4:20  Pneumatized Carapace  
  38  4:22  Metabolic Boost  
  38  4:40  Drone x3  
  41  4:46  Zergling x4  
  41  4:47  Zergling x2  
  44  4:54  Zerg Ground Armor Level 1  
  44  5:21  Overlord x2  
  44  5:22  Overlord x2  
  35  5:46  Zergling x10  
  35  5:49  Zergling x4  
  39  5:51  Zergling x2  
  40  6:03  Lair  
  40  6:17  Zergling x6  
  43  6:29  Drone x2  
  45  6:37  Drone  
  46  6:45  Drone x3  
  49  6:48  Zerg Melee Weapons Level 1  
  49  7:09  Drone x3  
  49  7:12  Drone x3  
  55  7:22  Hydralisk Den  
  54  7:29  Spire  
  53  7:36  Spire  
  52  7:37  Zergling x4  
  52  7:40  Zergling x4  
  52  7:43  Drone  
  57  7:59  Muscular Augments  
  57  8:13  Hatchery  
  57  8:17  Drone x3  
  59  8:25  Drone x2  
  59  8:26  Drone  
  62  8:37  Hydralisk  
  62  8:38  Hydralisk x3  
  70  8:42  Hydralisk  
  72  9:00  Infestation Pit  
  71  9:03  Drone x4  
  71  9:04  Drone  
  61  9:51  Mutalisk x5  
  61  9:52  Mutalisk x4  
  62  10:42  Mutalisk x3  
  62  10:48  Queen  
  70  11:02  Hatchery  
  69  11:20  Overlord x3  
  69  11:38  Zergling x2, Queen  
  72  11:46  Mutalisk  
  74  12:07  Hydralisk x4  
Show
View Real Time Build Order
Export as new Build Order

A.I. 1 (Harder) Terran - Winner!

Build Orders: MMM Bio 

Get SALT Encoding   

  12  0:00  SCV  
  13  0:13  SCV  
  14  0:19  Supply Depot  
  14  0:25  SCV  
  15  0:40  SCV  
  15  0:42  Barracks  
  16  0:49  Refinery  
  16  0:52  SCV  
  17  1:05  SCV  
  18  1:17  SCV  
  19  1:20  Supply Depot  
  19  1:29  Orbital Command  
  19  1:30  Marine  
  20  1:41  Barracks  
  20  1:49  Barracks Tech Lab  
  20  1:50  Refinery  
  20  1:54  SCV  
  21  2:07  Marine  
  21  2:08  Supply Depot  
  22  2:25  Marine  
  22  2:27  Marine  
  24  2:42  Marine  
  25  2:45  Marine, Supply Depot  
  26  3:00  SCV  
  26  3:01  Marauder  
  26  3:03  Marine  
  30  3:12  SCV  
  31  3:13  Engineering Bay  
  31  3:21  Marine  
  31  3:22  Marine  
  31  3:24  SCV  
  31  3:26  Supply Depot  
  34  3:36  SCV  
  34  3:38  Marine  
  34  3:39  Marine  
  37  3:48  SCV  
  38  3:58  Marauder  
  38  4:00  SCV  
  41  4:19  Marauder  
  43  4:41  Marauder  
  45  4:55  Barracks Tech Lab  
  45  4:56  Stimpack  
  45  4:58  Factory  
  45  5:00  Factory  
  45  5:13  Concussive Shells  
  45  5:14  Terran Infantry Weapons Level 1  
  45  5:27  Missile Turret  
  45  5:31  Missile Turret  
  45  5:41  Marine  
  45  5:42  Factory Tech Lab  
  41  5:44  Starport, Command Center  
  41  5:47  Starport, Factory Tech Lab  
  41  5:48  Marine  
  30  5:55  Combat Shields  
  30  5:59  Marauder  
  32  6:06  Marauder  
  32  6:10  Siege Tank  
  37  6:17  Siege Tank  
  40  6:22  Starport Tech Lab  
  40  6:23  Starport Tech Lab  
  40  6:24  Marine  
  41  6:31  Marine  
  42  6:35  Supply Depot  
  42  6:42  Siege Tank  
  42  6:46  Marine, Bunker  
  46  6:53  Cyclone  
  49  6:56  SCV  
  49  6:57  SCV  
  49  7:00  Marine  
  51  7:07  Marine, Refinery  
  51  7:08  SCV, Terran Infantry Armor Level 1  
  52  7:09  SCV  
  52  7:10  Refinery  
  54  7:17  Missile Turret  
  54  7:18  Marine  
  54  7:20  SCV  
  54  7:22  SCV  
  57  7:25  Marauder  
  59  7:30  Raven, Missile Turret  
  59  7:33  SCV  
  59  7:34  SCV  
  63  7:45  SCV  
  63  7:46  SCV  
  63  7:50  Bunker  
  65  7:53  Raven  
  65  7:57  SCV  
  68  7:58  SCV  
  68  8:03  Supply Depot  
  69  8:09  SCV  
  69  8:10  SCV  
  69  8:11  Sensor Tower  
  71  8:21  SCV, Armory  
  71  8:23  SCV  
  73  8:33  SCV  
  74  8:35  SCV  
  74  8:37  Barracks  
  75  8:45  SCV  
  76  8:48  Factory  
  76  8:59  Starport  
  76  9:08  Command Center  
  76  9:19  Medivac  
  78  9:25  Supply Depot, Barracks Reactor  
  78  9:28  Medivac  
  80  9:33  Factory Tech Lab  
  80  9:35  Marine, Medivac  
  83  9:38  Marine  
  74  9:49  Raven  
  67  9:53  Marine  
  67  9:56  Marine  
  69  10:01  Marine  
  69  10:04  Marine  
  69  10:06  Starport Reactor  
  71  10:11  Marine  
  72  10:14  Marine, Supply Depot  
  72  10:19  Marine  
  74  10:21  Marine  
  74  10:28  Raven  
  73  10:29  Marauder  
  73  10:32  Marauder  
  68  10:36  Marine  
  68  10:37  Siege Tank  
  68  10:39  Marine, Raven  
  74  10:42  Refinery  
  74  10:45  Refinery  
  74  10:50  Marine  
  74  10:54  SCV, Marine, Marauder, Siege Tank  
  74  10:56  SCV  
  83  10:57  Marine  
  83  10:59  SCV  
  85  11:06  SCV  
  85  11:08  Marine, SCV  
  85  11:11  SCV  
  88  11:15  Marauder  
  90  11:18  SCV  
  90  11:20  SCV  
  90  11:23  SCV  
  93  11:26  Marauder  
  93  11:30  SCV  
  96  11:32  SCV  
  96  11:35  SCV  
  96  11:36  Marauder  
  100  11:42  Missile Turret  
  100  11:43  SCV  
  100  11:45  SCV  
  102  11:47  SCV, Missile Turret  
  103  11:54  Ghost Academy  
  103  11:55  SCV  
  103  11:57  SCV  
  103  11:58  Supply Depot  
  103  12:00  SCV  
  106  12:05  Marine  
  106  12:06  Marine  
  106  12:07  Marine  
  109  12:08  Marine  
  110  12:22  Marine  
  110  12:23  Marine  
  110  12:24  Supply Depot  
  110  12:25  Marine  
  110  12:26  Marine  
  112  12:40  Marine  
  112  12:41  Marine  
  115  12:49  Supply Depot  
Tags
 
Composition
MMM Bio
Matchup
TvZ
Opening
Pool First
Spawn Locations
Cross Positions
Add a new tag
Caveats
  • Supply blocks, unpowered buildings, or Contaminate may cause inaccurate times.
  • Supply counts are checked every 10 seconds.